Map: Honorgrounds LE

Players

Jadefeuer - Winner!

  • Race: Protoss Protoss
  • League: Platinum
  • Spawn Location: 7:00

Voodoochilli

  • Race: Terran Terran
  • League: Platinum
  • Spawn Location: 5:00

VOD

Have the link to the VOD?

Description

Time

  • Played on: Feb. 2, 2017, 12:21 p.m.
  • Length: 26:10
Show
View Real Time Build Order
Export as new Build Order

Jadefeuer Protoss - Winner!

Build Orders: 1 Gate Expand 

Get SALT Encoding   

  12  0:01  Probe (Chrono Boost)  
  13  0:11  Probe (Chrono Boost)  
  14  0:20  Pylon  
  14  0:22  Probe (Chrono Boost)  
  15  0:40  Gateway  
  16  0:43  Probe (Chrono Boost)  
  16  0:47  Assimilator  
  16  0:53  Probe (Chrono Boost)  
  17  1:04  Probe (Chrono Boost)  
  18  1:14  Probe (Chrono Boost)  
  19  1:25  Probe (Chrono Boost)  
  20  1:32  Nexus  
  20  1:35  Probe (Chrono Boost)  
  21  1:46  Probe (Chrono Boost)  
  22  1:51  Assimilator  
  22  1:57  Cybernetics Core  
  22  1:58  Probe (Chrono Boost)  
  23  2:13  Pylon  
  23  2:32  Probe (Chrono Boost), Stalker  
  23  2:36  Warp Gate  
  28  2:46  Mothership Core (Chrono Boost), Probe (Chrono Boost)  
  29  2:56  Probe (Chrono Boost)  
  31  3:06  Probe (Chrono Boost)  
  31  3:07  Probe (Chrono Boost)  
  31  3:08  Stalker  
  34  3:16  Robotics Facility  
  34  3:17  Probe (Chrono Boost)  
  34  3:18  Probe (Chrono Boost)  
  36  3:25  Gateway  
  36  3:28  Gateway  
  36  3:30  Probe (Chrono Boost)  
  36  3:31  Probe (Chrono Boost)  
  38  3:39  Pylon  
  38  3:44  Probe (Chrono Boost)  
  38  3:45  Probe (Chrono Boost)  
  40  3:56  Probe (Chrono Boost)  
  40  3:58  Pylon  
  40  3:59  Probe (Chrono Boost), Immortal  
  41  4:08  Probe (Chrono Boost)  
  46  4:10  Probe (Chrono Boost)  
  46  4:14  Assimilator  
  47  4:20  Probe x2 (Chrono Boost)  
  51  4:31  Probe (Chrono Boost)  
  51  4:32  Probe (Chrono Boost)  
  51  4:42  Probe (Chrono Boost)  
  51  4:43  Pylon  
  51  4:45  Probe (Chrono Boost)  
  53  4:52  Probe (Chrono Boost)  
  54  4:57  Probe (Chrono Boost)  
  55  5:00  Observer, Stalker x2  
  55  5:01  Stalker  
  55  5:03  Probe (Chrono Boost)  
  63  5:09  Probe (Chrono Boost)  
  63  5:10  Pylon  
  63  5:13  Probe (Chrono Boost)  
  65  5:16  Assimilator  
  65  5:18  Pylon  
  65  5:21  Probe (Chrono Boost)  
  66  5:23  Immortal  
  66  5:24  Probe (Chrono Boost)  
  66  5:33  Probe (Chrono Boost)  
  65  5:41  Stalker  
  65  5:42  Stalker x2  
  70  5:51  Probe (Chrono Boost)  
  70  5:57  Nexus  
  70  5:59  Pylon  
  70  6:03  Pylon  
  70  6:17  Probe (Chrono Boost)  
  71  6:21  Probe (Chrono Boost)  
  72  6:26  Pylon, Stalker x3  
  72  6:29  Probe (Chrono Boost)  
  79  6:48  Probe (Chrono Boost)  
  79  6:50  Probe (Chrono Boost)  
  79  6:52  Stalker x3  
  87  7:05  Probe (Chrono Boost)  
  87  7:08  Assimilator  
  88  7:13  Assimilator  
  88  7:16  Pylon  
  84  7:31  Zealot x3  
  82  7:43  Probe x2 (Chrono Boost)  
  83  7:44  Probe (Chrono Boost)  
  83  7:54  Probe x2 (Chrono Boost)  
  83  7:56  Robotics Bay, Pylon  
  85  8:00  Gateway  
  85  8:01  Pylon, Gateway  
  85  8:03  Gateway  
  85  8:05  Gateway  
  85  8:07  Robotics Facility  
  85  8:10  Pylon  
  86  8:13  Probe (Chrono Boost), Twilight Council  
  86  8:14  Forge  
  86  8:16  Forge  
  86  8:20  Probe (Chrono Boost)  
  86  8:22  Probe (Chrono Boost)  
  86  8:25  Probe (Chrono Boost)  
  89  8:30  Probe (Chrono Boost)  
  89  8:32  Probe (Chrono Boost)  
  91  8:34  Adept  
  91  8:35  Adept x2  
  91  8:37  Probe (Chrono Boost)  
  99  8:41  Probe (Chrono Boost)  
  99  8:45  Probe (Chrono Boost)  
  100  8:50  Probe (Chrono Boost)  
  100  8:53  Probe (Chrono Boost), Nexus  
  102  8:56  Probe (Chrono Boost)  
  104  9:04  Probe (Chrono Boost)  
  104  9:07  Probe (Chrono Boost)  
  104  9:11  Probe (Chrono Boost)  
  104  9:14  Extended Thermal Lance, Adept x3  
  111  9:18  Colossus x2  
  111  9:20  Charge  
  111  9:21  Protoss Ground Armor Level 1  
  111  9:22  Protoss Ground Weapons Level 1  
  123  9:41  Probe (Chrono Boost)  
  123  9:45  Pylon  
  123  9:51  Probe (Chrono Boost)  
  124  9:55  Stalker x3  
  124  9:56  Stalker x4  
  136  10:14  Pylon  
  136  10:20  Colossus  
  136  10:23  Colossus  
  148  10:29  Pylon  
  148  10:31  Pylon, Zealot x3  
  148  10:32  Zealot x4  
  162  10:38  Assimilator, Probe x2 (Chrono Boost)  
  162  10:40  Probe (Chrono Boost), Assimilator  
  165  10:56  Zealot x5  
  165  10:57  Zealot x2  
  179  11:05  Templar Archives  
  179  11:22  Nexus  
  179  11:23  Zealot x4  
  179  11:24  Pylon, Zealot  
  189  11:29  Pylon  
  150  11:48  Colossus  
  150  11:50  Zealot x2  
  150  11:51  Zealot x5  
  164  11:57  Colossus  
  176  12:05  Probe (Chrono Boost)  
  176  12:06  Probe x2 (Chrono Boost)  
  179  12:32  High Templar  
  179  12:35  High Templar  
  183  12:37  High Templar  
  183  12:39  High Templar  
  184  13:00  Probe (Chrono Boost), Psionic Storm, Protoss Ground Weapons Level 2  
  185  13:07  Pylon  
  185  13:09  Protoss Ground Armor Level 2, High Templar x4, Immortal  
  197  13:25  Archon x2  
  197  13:39  Stalker x3  
  149  13:57  Zealot x4  
  158  14:11  Probe (Chrono Boost)  
  158  14:18  High Templar  
  158  14:19  High Templar x4  
  169  14:32  Probe x2 (Chrono Boost)  
  169  14:33  Probe x3 (Chrono Boost)  
  173  14:39  Assimilator  
  173  14:40  Immortal  
  173  14:41  Assimilator  
  173  14:45  Probe x2 (Chrono Boost), Immortal  
  183  14:50  High Templar x2  
  183  14:51  High Templar x2  
  191  14:53  Zealot x3  
  197  15:02  Probe (Chrono Boost)  
  197  15:03  Archon  
  197  15:04  Archon  
  197  15:05  Pylon  
  198  15:09  Pylon  
  198  15:23  Pylon  
  198  15:42  Observer  
  196  15:43  Observer  
  198  15:54  Pylon  
  197  16:05  Observer x2  
  199  16:23  Observer  
  199  16:31  Nexus  
  200  16:33  Pylon  
  170  17:11  Colossus x2  
  130  17:21  Stalker x4  
  130  17:22  Stalker x3  
  126  17:50  Stalker x6  
  126  17:51  Stalker  
  110  18:21  Stalker x3  
  110  18:22  Stalker x4  
  112  18:33  Colossus x2  
  98  18:51  Dark Shrine  
  98  18:55  Stalker x5  
  101  18:56  Stalker x2  
  109  19:02  Pylon  
  109  19:06  Nexus  
  98  19:10  Pylon  
  98  19:17  Gateway  
  98  19:18  Gateway  
  98  19:20  Gateway  
  98  19:22  Gateway  
  98  19:23  Zealot x3  
  98  19:24  Gateway, Zealot x4  
  86  20:08  Pylon  
  86  20:29  Colossus x2  
  86  20:37  Nexus  
  86  20:38  Pylon  
  86  20:39  Pylon  
  86  20:42  Adept x3  
  102  20:43  Adept x4  
  112  20:55  Probe x2 (Chrono Boost)  
  112  20:56  Probe x3 (Chrono Boost)  
  117  20:57  High Templar  
  117  20:58  Zealot  
  117  21:01  Stalker  
  123  21:05  Probe x2 (Chrono Boost)  
  123  21:06  Stalker x2  
  123  21:07  Stalker  
  123  21:08  Probe x2 (Chrono Boost)  
  134  21:12  Probe (Chrono Boost)  
  134  21:16  Colossus  
  134  21:17  Photon Cannon  
  134  21:22  Photon Cannon  
  139  21:27  Colossus  
  143  21:42  High Templar x5  
  154  21:48  Probe (Chrono Boost)  
  154  21:52  Assimilator  
  153  21:54  Assimilator  
  153  21:59  High Templar x3  
  155  22:02  Colossus, Dark Templar, Zealot  
  155  22:03  Zealot  
  155  22:07  Archon  
  146  22:34  Stalker x5  
  146  22:36  Dark Templar x3  
  162  22:42  Zealot  
  158  23:21  Zealot x4  
  158  23:22  Zealot x5  
  172  24:08  Dark Templar x5  
  172  24:09  Dark Templar x2  
  180  24:47  Dark Templar  
  180  24:50  Zealot x5  
  180  24:51  Zealot x3  
  190  25:29  Zealot x2  
  190  25:30  Zealot x3  
  200  25:35  Assimilator  
  178  25:54  Nexus  
  178  25:55  Pylon  
Show
View Real Time Build Order
Export as new Build Order

Voodoochilli Terran 

Build Orders: Liberator Opening, MMM Bio 

Get SALT Encoding   

  12  0:01  SCV  
  13  0:13  SCV  
  14  0:19  Supply Depot  
  14  0:26  SCV  
  15  0:41  SCV  
  16  0:44  Barracks  
  16  0:47  Refinery  
  16  0:53  SCV  
  17  1:11  SCV  
  18  1:18  Supply Depot  
  18  1:30  Marine  
  20  1:34  Orbital Command  
  20  1:35  Barracks  
  19  1:55  Marine  
  20  2:02  Factory  
  20  2:06  SCV  
  21  2:13  Marine  
  22  2:18  SCV  
  23  2:25  Barracks Tech Lab  
  23  2:30  SCV  
  24  2:38  Marine  
  24  2:40  Supply Depot  
  24  2:42  SCV  
  26  2:49  Starport  
  26  2:51  Marine  
  27  2:54  SCV  
  27  2:55  Marine  
  27  2:57  Refinery  
  29  3:02  Factory Reactor  
  29  3:06  SCV  
  30  3:16  Command Center  
  30  3:25  Marine x2  
  32  3:28  SCV  
  33  3:40  SCV  
  34  3:42  Marine  
  34  3:46  Marine  
  36  3:52  SCV  
  37  3:57  Liberator  
  37  4:02  Engineering Bay  
  37  4:05  Marauder  
  37  4:06  Supply Depot  
  37  4:08  Stimpack  
  39  4:10  Liberator  
  39  4:13  Marine  
  39  4:17  SCV  
  44  4:29  SCV  
  48  4:33  Missile Turret  
  48  4:38  Marine, Barracks Reactor  
  49  4:45  Orbital Command  
  49  4:55  Factory Tech Lab  
  49  4:56  Marine  
  49  4:57  SCV  
  51  5:06  Supply Depot  
  51  5:10  SCV  
  51  5:13  SCV  
  53  5:22  SCV  
  53  5:28  Marine  
  54  5:30  Marine, Marauder  
  54  5:34  SCV x2  
  59  5:46  Marine  
  59  5:48  Marine  
  58  5:52  Marauder  
  58  5:54  Medivac x2  
  58  5:56  SCV  
  65  5:57  SCV  
  65  6:03  Marine  
  67  6:05  Marine  
  67  6:07  Barracks  
  68  6:13  Marauder  
  70  6:19  Combat Shields  
  70  6:20  SCV  
  70  6:21  Marine  
  70  6:23  Marine, Missile Turret  
  73  6:29  SCV  
  74  6:35  Marauder  
  74  6:39  Marine  
  77  6:41  Supply Depot, Marine  
  77  6:42  Terran Infantry Weapons Level 1  
  78  7:02  Marine x2  
  78  7:03  Marauder  
  78  7:20  Marine x2  
  80  7:24  Marauder  
  68  7:38  Marine x2  
  68  7:43  Medivac  
  68  7:45  Marauder  
  68  7:47  Siege Tank  
  68  7:49  Concussive Shells  
  68  7:50  Command Center  
  71  7:52  Barracks Tech Lab  
  71  7:53  Barracks  
  71  7:55  Marine x2  
  73  8:00  Supply Depot  
  73  8:01  Supply Depot, SCV  
  73  8:03  Refinery  
  73  8:05  Barracks, Refinery  
  74  8:07  Marauder  
  74  8:12  SCV, Armory  
  77  8:13  SCV  
  77  8:14  Engineering Bay  
  77  8:18  Marine  
  79  8:28  Marauder  
  79  8:29  Missile Turret  
  79  8:30  Marine  
  79  8:33  Supply Depot  
  82  8:36  Marine  
  82  8:40  Marine  
  85  8:42  Siege Tank  
  85  8:45  Barracks Reactor  
  85  8:48  Marine  
  87  8:49  Marauder  
  87  8:51  Marine  
  91  8:56  SCV  
  91  8:58  Marauder  
  94  9:08  Terran Vehicle Weapons Level 1  
  93  9:10  Terran Infantry Armor Level 1  
  93  9:11  Marine, Marauder  
  93  9:12  Marine  
  93  9:16  Barracks Reactor  
  97  9:18  SCV  
  97  9:19  SCV  
  97  9:23  Marine x3  
  102  9:27  Terran Infantry Weapons Level 2  
  102  9:29  Marine  
  102  9:31  SCV  
  104  9:32  Marauder  
  104  9:33  SCV  
  104  9:34  Orbital Command  
  104  9:35  Marine  
  104  9:37  Barracks  
  108  9:41  Marine  
  108  9:42  Barracks, Marauder  
  111  9:50  Marine  
  112  9:54  Marauder  
  112  9:57  Medivac x2  
  118  10:03  Marauder  
  118  10:04  Orbital Command, SCV x2  
  122  10:08  Marine x3  
  122  10:10  Supply Depot x2  
  122  10:11  Supply Depot  
  125  10:15  Marauder  
  127  10:27  Medivac, Siege Tank  
  132  10:32  Medivac  
  134  10:36  Missile Turret  
  134  10:38  Supply Depot  
  134  10:40  Liberator  
  134  10:45  Barracks Tech Lab  
  134  10:48  Refinery  
  134  10:49  Refinery  
  134  10:54  Marine x3, Marauder x2  
  134  10:55  Liberator  
  134  10:56  Marine  
  142  10:58  SCV x2  
  142  11:03  Marine  
  148  11:04  Marine x2  
  150  11:11  Marine  
  150  11:12  Marine x2  
  150  11:13  SCV  
  157  11:26  Marine, Marauder  
  157  11:27  Marine x2  
  157  11:28  Marauder x2  
  156  11:41  Marine  
  100  11:47  Liberator x2  
  128  11:48  Marauder  
  128  11:51  Marine  
  128  11:52  Marauder  
  132  11:56  Marine  
  132  11:57  Marauder  
  132  11:58  Marine  
  136  12:02  SCV, Marine  
  144  12:09  Marine, Marauder  
  144  12:10  Starport  
  144  12:13  Marauder  
  149  12:18  Marauder  
  151  12:31  Marine x2, Marauder  
  151  12:33  Marine  
  151  12:34  Marauder  
  151  12:36  Marine  
  159  12:38  Liberator x2  
  159  12:39  Marauder  
  161  12:44  Marine  
  161  12:46  Marine  
  157  12:53  Marauder  
  157  12:56  Starport Reactor, Marauder  
  157  12:58  Marine  
  167  13:01  Marauder  
  167  13:05  Terran Vehicle Weapons Level 2  
  170  13:06  Supply Depot, Thor  
  170  13:07  Marine x2  
  170  13:08  Marine  
  179  13:14  Marauder  
  181  13:28  SCV, Marine x2, Marauder x2  
  187  13:35  Marauder  
  145  13:49  Widow Mine  
  145  13:55  Marine  
  128  13:56  Marine, Marauder  
  128  13:57  Marauder  
  128  13:59  Viking x3  
  139  14:03  Missile Turret  
  139  14:08  Command Center  
  138  14:15  Marine, Missile Turret  
  138  14:16  Marauder  
  141  14:17  Marine  
  141  14:18  Widow Mine, Marauder  
  141  14:21  Marine  
  141  14:22  Marauder  
  141  14:23  Marine  
  150  14:27  Supply Depot  
  150  14:33  Marine  
  150  14:35  Marine  
  150  14:37  Marauder  
  154  14:45  Viking x2  
  158  14:48  Marine x2  
  158  14:51  Marine  
  158  14:52  Marine  
  162  14:56  Marine  
  162  14:57  SCV  
  164  15:00  Marine  
  164  15:01  Marauder  
  164  15:05  Terran Infantry Armor Level 2  
  167  15:07  Marine x2  
  167  15:12  Viking  
  171  15:20  Marine  
  171  15:21  Marauder  
  174  15:25  Marine x2  
  176  15:32  Marine  
  176  15:33  Marauder  
  179  15:42  Marine x4, Marauder x2  
  186  15:44  Widow Mine  
  186  15:45  Marine  
  190  15:54  Marauder  
  192  16:04  Missile Turret  
  192  16:10  Marine x2, Marauder  
  192  16:11  Missile Turret, Marauder  
  198  16:17  Marine  
  199  16:28  Sensor Tower  
  199  16:35  Marine  
  200  16:43  Ghost Academy  
  200  16:44  Terran Infantry Weapons Level 3  
  195  16:49  Medivac  
  195  16:50  Medivac  
  117  17:16  Marine, Marauder  
  114  17:29  Marine, Marauder  
  117  17:30  Marine x2, Marauder  
  111  17:42  Marine  
  111  17:43  Marauder  
  114  17:48  Marine  
  114  17:51  Marauder  
  115  17:52  Marine x5  
  120  18:00  Marine  
  120  18:04  Marauder  
  97  18:24  Marine x3, Marauder x2  
  104  18:30  Marine x2  
  104  18:31  Marine  
  107  18:36  Marine  
  104  18:41  Marine  
  104  18:42  Marine  
  106  18:56  Marine  
  106  18:57  Marauder  
  106  18:58  Marine x2  
  106  19:01  Marine  
  112  19:08  Marine x2  
  112  19:09  Marine  
  115  19:27  Marine x2, Marauder x2  
  118  19:33  Marine  
  118  19:34  Marauder  
  118  19:35  Marine  
  88  19:46  Marine  
  76  20:01  Marine x3, Marauder  
  76  20:02  Marauder x2  
  85  20:15  Planetary Fortress  
  85  20:20  Medivac  
  87  20:30  Orbital Command  
  87  20:32  Ghost  
  89  20:41  Marine  
  89  20:42  Medivac x2, Marauder  
  94  20:45  Marine, Marauder  
  94  20:48  Marine  
  99  20:52  Marine  
  99  20:53  Marine  
  99  20:56  Marine  
  102  21:01  Marauder  
  102  21:02  Marine  
  102  21:03  Marauder  
  107  21:07  SCV, Marauder  
  110  21:12  Medivac, Marine  
  113  21:18  Marine  
  113  21:19  SCV x2  
  113  21:20  Missile Turret  
  113  21:22  SCV  
  113  21:23  Marauder  
  113  21:24  Ghost  
  121  21:26  Medivac x2  
  121  21:28  Marauder  
  124  21:44  Marauder  
  124  21:45  Marine x2  
  128  21:50  Marauder  
  128  21:53  Marauder  
  130  21:54  Marine  
  126  22:02  Marine  
  126  22:05  Marauder  
  129  22:11  Marauder  
  117  22:23  Marine  
  117  22:24  Marauder  
  117  22:28  Viking x3  
  117  22:36  Marine  
  108  22:37  Personal Cloaking, Marine x3  
  108  22:40  Orbital Command, Terran Infantry Armor Level 3  
  111  22:46  SCV  
  111  22:47  Liberator  
  112  22:51  Marine x4  
  112  22:52  Marine  
  112  22:54  Barracks Tech Lab  
  112  22:55  SCV  
  118  22:59  Command Center  
  118  23:00  Barracks  
  118  23:03  Barracks  
  115  23:11  Barracks  
  107  23:14  Marine, Marauder  
  107  23:19  Marine x3  
  113  23:20  Marine, Marauder  
  117  23:28  Marine x2, Marauder  
  117  23:32  Liberator x3, Marine  
  122  23:36  Thor, Marauder  
  122  23:37  Marine x2  
  132  23:41  Marauder  
  132  23:42  SCV x4, Marine  
  132  23:43  Marine  
  132  23:46  Marine  
  132  23:47  Marauder  
  141  23:49  Marine  
  141  23:50  Marauder  
  141  23:51  Barracks Tech Lab  
  141  23:52  Marine  
  141  23:55  Marine  
  155  23:57  Marauder  
  155  24:01  Marine  
  155  24:02  Command Center  
  159  24:03  Marine, Marauder  
  159  24:07  Missile Turret  
  159  24:08  Marauder  
  161  24:11  Marauder  
  161  24:12  Marine  
  161  24:13  Marauder  
  161  24:15  Marine x4  
  169  24:17  Liberator x2  
  169  24:19  Marauder  
  170  24:24  Marauder  
  170  24:30  Marauder  
  156  24:33  Marauder  
  156  24:34  Marauder  
  165  24:40  Marauder  
  149  24:45  Marauder  
  149  24:48  Marine x2  
  149  24:51  Marauder  
  125  24:54  Marine, Marauder  
  125  24:55  Marauder  
  125  24:56  Barracks Tech Lab, Barracks Reactor  
  125  24:57  Marine  
  119  25:01  Marauder  
  119  25:02  Marine  
  122  25:07  Marauder  
  122  25:08  Marine  
  122  25:12  Marauder  
  122  25:13  Viking x2  
  127  25:17  Viking x2  
  131  25:24  Marine  
  132  25:35  Marine x3  
  131  25:36  Marine x2  
Tags
 
Add a new tag
Caveats
  • Supply blocks, unpowered buildings, or Contaminate may cause inaccurate times.
  • Supply counts are checked every 10 seconds.